 Dungeon Crawl Stone Soup version 0.31-a0-774-g0d66cbabe8 (webtiles) character file.

Game seed: 2924926072200557774

42 cforsyth the Sneak (level 3, -6/31 HPs)
             Began as a Djinni Delver on Sept 18, 2023.
             Splashed by a jelly's acid (9 damage)
             ... on level 5 of the Dungeon.
             The game lasted 00:00:57 (444 turns).

cforsyth the Sneak (Djinni Delver)                   Turns: 444, Time: 00:00:58

Health: -6/31      AC:  3    Str: 11    XL:     3   Next: 80%
Gold:   0          EV: 12    Int: 13    God:
                   SH:  0    Dex: 14

rFire   + + .        a - +0 falchion
rCold   x . .        (no shield)
rNeg    . . .        b - +0 leather armour
rPois   ∞            (no helmet)
rElec   .            (no cloak)
rCorr   .            (no gloves)
SInv    .            (boots unavailable)
Will    .....        (no amulet)
Stlth   ++           (no ring)
HPRegen 0.25/turn    (no ring)
MPRegen 0.00/turn

%: infuse magic (-7 HP)
@: flying
A: sickness immunity, fire resistance 2, cold vulnerability 1, float, innate
caster, HP casting, extra vitality 1
a: no special abilities


You were on level 5 of the Dungeon.
You visited 1 branch of the dungeon, and saw 1 of its levels.

Inventory:

Hand Weapons
 a - a +0 falchion (weapon)
Armour
 b - a +0 leather armour (worn)
Wands
 g - a wand of digging (3)
Scrolls
 c - a scroll of fog
 d - a scroll of revelation
Potions
 f - a potion of haste


   Skills:
 + Level 3.7 Fighting
 - Level 1.7 Long Blades
 - Level 2.1 Dodging
 - Level 4.1 Stealth
 + Level 1.4 Spellcasting
 + Level 1.4 Conjurations
 + Level 1.4 Hexes
   Level 0.0 Charms
 + Level 1.4 Summonings
 + Level 1.4 Necromancy
 + Level 1.4 Translocations
 + Level 1.4 Transmutations
 + Level 1.4 Fire Magic
 + Level 1.4 Ice Magic
 + Level 1.4 Air Magic
 + Level 1.4 Earth Magic
 + Level 1.4 Poison Magic


You knew the following spells:

 Your Spells              Type           Power      Damage    Failure   Level
a - Summon Small Mammal   Summ           16%        N/A       21%         1
Your spell library was empty.

Dungeon Overview and Level Annotations

Branches:
Dungeon (5/15)
 Temple: D:4-7

Altars:


Innate Abilities, Weirdness & Mutations

You are immune to sickness and miasma.
You are immune to poison.
Your flesh is very heat resistant. (rF++)
You are vulnerable to cold. (rC-)
You float through the air rather than walking.
You learn spells naturally, not from books.
Your magical power is your life essence.
You have superior vitality. (+4 MHP)


Message History

No target in view!
No target in view!
No target in view!
No target in view!
HP restored.
A jelly comes into view.
Casting: Summon Small Mammal (safe; 21% risk of failure)
Confirm with . or Enter, or press ? or * to list all spells.
Okay, then.
Casting: Summon Small Mammal (safe; 21% risk of failure)
Confirm with . or Enter, or press ? or * to list all spells.
Casting: Summon Small Mammal (safe; 21% risk of failure)
Confirm with . or Enter, or press ? or * to list all spells.
Your bat hits the jelly.
Your bat is burned by acid!
Your bat hits the jelly.
Your bat is burned by acid!
Your bat hits the jelly. The acid corrodes your bat!
Your bat is burned by acid!
Your bat dies!
Your bat's corpse disappears in a puff of smoke!
Found a stone staircase leading down.
The jelly hits you.
You are splashed with acid!
You hit the jelly.
Your hands burn!
The jelly is heavily wounded.
The jelly hits you.
You are splashed with acid!
* * * LOW HITPOINT WARNING * * *
You swap places.
The jelly hits your rat.
Your rat dies!
Your rat's corpse disappears in a puff of smoke!
Casting: Summon Small Mammal (safe; 21% risk of failure)
Confirm with . or Enter, or press ? or * to list all spells.
* * * LOW HITPOINT WARNING * * *
You hit the jelly.
Your hands burn!
* * * LOW HITPOINT WARNING * * *
The jelly is heavily wounded.
The jelly hits you.
* * * LOW HITPOINT WARNING * * *
You are splashed with acid!
You die...

#####...### ..........
##.##...## #.###.##
#.....# #..#### #..# #+#
#..######.# #.#
#.........# #@#
###.######## ##J##
#.........# ##..r##
#.#.#..##.# #.....#
#.#.#..##.#####...######
#.#.#..#.........^......#
#.#.......######.######..
#.###.....# #.#
#.###.##### #.#


You could see a jelly (ally target) and a friendly rat (summoned).

Vanquished Creatures
  A hound (D:5)
  A shadow imp (D:5)
  An ufetubus (D:5)
3 creatures vanquished.

Notes
Turn   | Place    | Note
-------+----------+-------------------------------------------
     0 | D:5      | cforsyth the Djinni Delver began the quest for the Orb.
     0 | D:5      | Reached XP level 1. HP: 20/20 MP: 0/0
     3 | D:5      | Noticed a hound
    15 | D:5      | Killed a hound
    16 | D:5      | Reached skill level 1 in Spellcasting
    16 | D:5      | Reached skill level 1 in Conjurations
    16 | D:5      | Reached skill level 1 in Hexes
    16 | D:5      | Reached skill level 1 in Summonings
    16 | D:5      | Reached skill level 1 in Necromancy
    16 | D:5      | Reached skill level 1 in Translocations
    16 | D:5      | Reached skill level 1 in Transmutations
    16 | D:5      | Reached skill level 1 in Fire Magic
    16 | D:5      | Reached skill level 1 in Ice Magic
    16 | D:5      | Reached skill level 1 in Air Magic
    16 | D:5      | Reached skill level 1 in Earth Magic
    16 | D:5      | Reached skill level 1 in Poison Magic
    16 | D:5      | Reached XP level 2. HP: 11/25 MP: 0/0
    16 | D:5      | Reached XP level 3. HP: 13/30 MP: 0/0
    16 | D:5      | Learned a level 1 spell: Summon Small Mammal
   444 | D:5      | Splashed by a jelly's acid

Illustrated notes

Levels and vault maps discovered:
D:5:      layout_loops_corners

Skill      XL: |  1 |
---------------+----+-----
Spellcasting   | 1 |  1.4
Conjurations   | 1 |  1.4
Hexes          | 1 |  1.4
Summonings     | 1 |  1.4
Necromancy     | 1 |  1.4
Translocations | 1 |  1.4
Transmutations | 1 |  1.4
Fire Magic     | 1 |  1.4
Ice Magic      | 1 |  1.4
Air Magic      | 1 |  1.4
Earth Magic    | 1 |  1.4
Poison Magic   | 1 |  1.4
Fighting       | |  3.7
Long Blades    | |  1.7
Dodging        | |  2.1
Stealth        | |  4.1

Action                     || total
---------------------------++-------
  Melee: Falchion          ||    33
   Cast: Summon Small Mamm ||     7
    Use: Scroll            ||     1
 Armour: Leather armour    ||    36
  Dodge: Dodged            ||    43

Table legend: (Time is in decaauts)
 A = Elapsed time spent in this place.
 B = Non-inter-level travel time spent in this place.
 C = Inter-level travel time spent in this place.
 D = Time resting spent in this place.
 E = Time spent auto-exploring this place.
 F = Levels seen in this place.
 G = Mean time per level.
                   A        B        C        D        E       F      G
               +--------+--------+--------+--------+--------+-----+--------+
         Total |    450 |    450 |      0 |    188 |    136 |   1 |  450.0 |
       Dungeon |    450 |    450 |      0 |    188 |    136 |   1 |  450.0 |
               +--------+--------+--------+--------+--------+-----+--------+

Top non-repeatable levels by time:
     D:5: 450 daAuts
